 Dungeon Crawl Stone Soup version 0.23.2-1-ga50397a (webtiles) character file.

Game seed: 10153170338672839551

6137 w00t the Fighter (level 10, -9/83 HPs)
             Began as a Demonspawn Gladiator on May 19, 2019.
             Was a High Priest of Okawaru.
             Mangled by an orc warrior
             ... wielding a +0 long sword
              (18 damage)
             ... on level 8 of the Dungeon.
             The game lasted 00:11:16 (10388 turns).

w00t the Fighter (Demonspawn Gladiator)            Turns: 10388, Time: 00:11:17

Health: -9/83      AC:  9    Str: 20    XL:     10   Next: 59%
Magic:  0/12       EV: 11    Int:  9    God:    Okawaru [*****.]
Gold:   474        SH: 10    Dex: 19    Spells: 9/9 levels left

rFire    . . .     SeeInvis .     - Unarmed
rCold    + . .     Gourm    .   g - +4 buckler "Boliahoi" {rC+ Dex+4 Slay+2}
rNeg     + . .     Faith    .   u - +0 chain mail
rPois    .         Spirit   +   H - +0 hat
rElec    .         Reflect  .   (no cloak)
rCorr    .         Harm     .   (no gloves)
MR       .....                  (no boots)
Stlth    ..........             i - amulet of the acrobat
HPRegen  0.23/turn              w - +2 ring of strength
MPRegen  0.26/turn              F - ring of positive energy {rN+}

@: no status effects
A: claws 1, horns 1, talons 1, spiny 1, magic shield, magic regeneration
a: Heroism, Finesse, Renounce Religion


You were on level 8 of the Dungeon.
You worshipped Okawaru.
Okawaru was extremely pleased with you.
You were not hungry.

You visited 2 branches of the dungeon, and saw 10 of its levels.

You collected 474 gold pieces.

Inventory:

Hand Weapons
 b - a +4 club
 c - a +0 war axe
Missiles
 d - 3 throwing nets {=f, !d}
 e - 155 stones (quivered)
 h - 14 tomahawks
 o - 3 curare-tipped needles
Armour
 g - the +4 buckler "Boliahoi" (worn) {rC+ Dex+4 Slay+2}
   (You found it on level 7 of the Dungeon)

   It affects your dexterity (+4).
   It affects your accuracy and damage with ranged weapons and melee attacks
   (+2).
   It protects you from cold.
 u - a +0 chain mail (worn)
 H - a +0 hat (worn)
Jewellery
 i - an amulet of the acrobat (around neck)
 w - a +2 ring of strength (left claw)
 y - an uncursed amulet of regeneration {+regen, !d}
 D - a +4 amulet of reflection {unknown}
 F - a ring of positive energy (right claw) {rN+}
Wands
 m - a wand of enslavement (12)
 q - a wand of disintegration (12)
 s - a wand of flame (12)
Scrolls
 j - 4 scrolls of identify {@r1}
 k - a scroll of blinking {unknown}
 l - 2 scrolls of amnesia
 n - 4 scrolls of magic mapping {!r}
 p - a scroll of immolation {!r}
 r - 2 scrolls of fear
 v - 2 scrolls of enchant weapon {unknown}
 x - 2 scrolls of fog
 C - 3 scrolls of teleportation
Potions
 a - 2 potions of ambrosia
 t - 2 potions of haste
 z - a potion of berserk rage {unknown}
 A - 2 potions of curing {unknown}
 B - 2 potions of degeneration {unknown}
 E - 2 potions of agility {unknown}
Comestibles
 f - 20 rations
 G - 3 chunks of flesh


   Skills:
 * Level 9.1 Fighting
 - Level 4.7 Axes
 - Level 1.7 Throwing
 + Level 4.0 Armour
 + Level 5.1 Dodging
 - Level 4.0 Shields
 * Level 8.7 Unarmed Combat
 - Level 3.0 Invocations


You had 9 spell levels left.
You didn't know any spells.
Your spell library was empty.

Dungeon Overview and Level Annotations

Branches:
Dungeon (9/15)             Temple (1/1) D:6
   Lair: D:8-11         Orc: D:9-12

Altars:
Ashenzari
Cheibriados
Dithmenos
Elyvilon
Fedhas
Gozag
Hepliaklqana
Kikubaaqudgha
Makhleb
Nemelex Xobeh
Okawaru
Qazlal
Ru
Sif Muna
Trog
Uskayaw
Vehumet
Xom
Yredelemnul
Zin

Shops:
D:6 *


Innate Abilities, Weirdness & Mutations

You have sharp fingernails.
You have a pair of small horns on your head.
You have sharp toenails.
You are partially covered in sharp spines.
When hurt, damage is shared between your health and your magic reserves.
You regenerate magic rapidly.


Message History

You scratch the orc warrior.
You claw the orc warrior, but do no damage.
The orc warrior is lightly wounded.
The orc warrior barely misses you.
You scratch the orc warrior but do no damage.
Your kick misses the orc warrior. You headbutt the orc warrior.
The orc warrior is moderately wounded.
You block the orc warrior's attack.
You claw the orc warrior! x2
The orc warrior is almost dead.
You scratch the orc warrior but do no damage.
Your kick misses the orc warrior.
The orc warrior is almost dead.
The orc warrior hits you with a +0 long sword!
* * * LOW HITPOINT WARNING * * *
You scratch the orc warrior but do no damage.
You claw the orc warrior. Your headbutt misses the orc warrior.
The orc warrior is almost dead.
The orc warrior hits you with a +0 long sword!!
You die...

.......## #.................#
#. ........#
##................# ##
........##
#................## #
.........#
#.................# #
.........#
##................#
.........# #................#
.........# #...............##
# ........##
##.o............# ##
........#######.@..........##
#.
......#...................##
##.
.....#.#########.........###
#.. ...##.##
##########..####.. ####.##
##...#..# # #.## ####..## ###
####


You could see an orc warrior.

Vanquished Creatures
  Gastronok (D:8)
  A troll (D:9)
  2 hippogriffs
  A slime creature (D:9)
  3 yaks (D:5)
  A basilisk (D:8)
  Menkaure (D:6)
  An acid dragon (D:9)
  An orc warrior (D:6)
  2 phantoms
  An ice beast (D:9)
  2 sky beasts
  A necrophage (D:8)
  6 ogres
  3 centaurs
  A big kobold (D:7)
  6 bullfrogs
  A wyvern zombie (D:9)
  5 scorpions
  A bullfrog zombie (D:5)
  4 crimson imps
  An orc priest (D:8)
  A bullfrog skeleton (D:5)
  4 jellies
  A centaur zombie (D:8)
  A hound (D:4)
  5 orc wizards (D:6)
  2 iguanas (D:5)
  Ijyb (D:3)
  A worker ant (D:7)
  3 hound skeletons
  A worker ant zombie (D:9)
  14 adders
  4 gnolls (D:5)
  2 shadow imps
  2 adder zombies (D:5)
  An adder skeleton (D:9)
  3 worms
  4 dart slugs
  5 leopard geckos
  28 orcs
  3 giant cockroaches
  6 goblins
  8 hobgoblins
  11 kobolds
  5 quokkas
  4 ball pythons
  A ball python skeleton (D:4)
  13 bats
  3 frilled lizards
  A jackal skeleton (D:7)
  11 rats
195 creatures vanquished.

Notes
Turn   | Place    | Note
-------+----------+-------------------------------------------
     0 | D:1      | w00t the Demonspawn Gladiator began the quest for the Orb.
     0 | D:1      | Reached XP level 1. HP: 16/16 MP: 1/1
   154 | D:1      | Gained mutation: You have a pair of small horns on your
                  | head. [demonic ancestry]
   154 | D:1      | Reached XP level 2. HP: 13/22 MP: 2/2
   900 | D:2      | Gained mutation: You have sharp fingernails. [demonic
                  | ancestry]
   900 | D:2      | Reached XP level 3. HP: 20/28 MP: 3/3
  1213 | D:2      | Found an iron altar of Okawaru.
  1710 | D:2      | Became a worshipper of Warmaster Okawaru
  1963 | D:2      | Reached XP level 4. HP: 20/34 MP: 4/4
  2172 | D:2      | Reached skill level 3 in Fighting
  2557 | D:3      | Found a shadowy altar of Dithmenos.
  2565 | D:3      | Found a shattered altar of Ashenzari.
  2923 | D:3      | Noticed Ijyb
  2937 | D:3      | Killed Ijyb
  3438 | D:4      | Reached XP level 5. HP: 31/41 MP: 5/5
  3601 | D:4      | Reached skill level 1 in Shields
  3601 | D:4      | Reached skill level 1 in Invocations
  3943 | D:4      | Reached skill level 1 in Unarmed Combat
  3943 | D:4      | Gained mutation: You have sharp toenails. [demonic
                  | ancestry]
  3943 | D:4      | Reached XP level 6. HP: 27/48 MP: 7/7
  4385 | D:4      | Found a glowing silver altar of Zin.
  4842 | D:5      | Entered Level 5 of the Dungeon
  4881 | D:5      | Noticed a sky beast
  4893 | D:5      | Killed a sky beast
  4893 | D:5      | Reached * piety under Okawaru
  4893 | D:5      | Reached skill level 4 in Fighting
  5002 | D:5      | Gained mutation: You are partially covered in sharp spines.
                  | [demonic ancestry]
  5002 | D:5      | Reached XP level 7. HP: 54/54 MP: 9/9
  5035 | D:5      | Found a basalt altar of Yredelemnul.
  5472 | D:5      | Noticed a yak
  5472 | D:5      | Noticed a yak
  5472 | D:5      | Noticed a yak
  5499 | D:5      | Killed a yak
  5505 | D:5      | Killed a yak
  5505 | D:5      | Gained mutation: When hurt, damage is shared between your
                  | health and your magic reserves. [demonic ancestry]
  5505 | D:5      | Reached XP level 8. HP: 34/61 MP: 10/10
  5511 | D:5      | Reached ** piety under Okawaru
  5511 | D:5      | Reached skill level 5 in Fighting
  6117 | D:6      | Reached skill level 5 in Unarmed Combat
  6982 | D:6      | Found a sacrificial altar of Ru.
  6982 | D:6      | Found a hide-covered altar of Uskayaw.
  6983 | D:6      | Found a shimmering altar of Xom.
  7155 | D:6      | Noticed Menkaure
  7168 | D:6      | Killed Menkaure
  7168 | D:6      | Reached skill level 6 in Fighting
  7219 | D:6      | Reached skill level 1 in Armour
  7259 | D:6      | Found a white marble altar of Elyvilon.
  7298 | D:6      | Found Avvant's Serpentskin Sales.
  7421 | D:6      | Found a staircase to the Ecumenical Temple.
  7430 | Temple   | Entered the Ecumenical Temple
  7948 | D:7      | Gained mutation: You regenerate magic rapidly. [demonic
                  | ancestry]
  7948 | D:7      | Reached XP level 9. HP: 69/69 MP: 11/11
  8008 | D:7      | Reached *** piety under Okawaru
  8662 | D:7      | Got a shimmering buckler
  8663 | D:7      | Identified the +4 buckler "Boliahoi" {rC+ Dex+4 Slay+2}
                  | (You found it on level 7 of the Dungeon)
  8731 | D:7      | Reached skill level 7 in Fighting
  9043 | D:8      | Reached **** piety under Okawaru
  9300 | D:8      | Received a gift from Okawaru
  9475 | D:8      | Found a burning altar of Makhleb.
  9667 | D:8      | Noticed Gastronok
  9686 | D:8      | Killed Gastronok
  9686 | D:8      | Reached skill level 8 in Fighting
  9686 | D:8      | Reached XP level 10. HP: 41/82 MP: 5/12
 10355 | D:9      | Reached ***** piety under Okawaru
 10362 | D:9      | Reached skill level 5 in Dodging
 10365 | D:9      | Noticed a cyclops
 10367 | D:9      | Reached skill level 9 in Fighting
 10368 | D:9      | Noticed a gargoyle
 10369 | D:9      | Noticed a deep elf mage
 10373 | D:9      | Noticed an eight-headed hydra
 10388 | D:8      | Mangled by an orc warrior

Skill      XL: |  1  2  3  4  5  6  7  8  9 10 |
---------------+-------------------------------+-----
Axes           | 3 4 |  4.7
Fighting       | 3 4 6 8 9 |  9.1
Shields        | 1 2 3 4 |  4.0
Invocations    | 2 3 |  3.0
Unarmed Combat | 1 2 4 6 8 |  8.7
Armour         | 1 3 4 |  4.0
Dodging        | 3 4 5 |  5.1
Throwing       | |  1.7

Action                   |  1- 3 |  4- 6 |  7- 9 | 10-12 || total
-------------------------+-------+-------+-------+-------++-------
Melee: War axe           |    94 |    95 |       |       ||   189
       Headbutt          |    14 |    29 |    64 |    14 ||   121
       Club              |       |     3 |       |       ||     3
       Unarmed           |       |    55 |   244 |    57 ||   356
       Kick              |       |    16 |    85 |    24 ||   125
Throw: Stone             |    94 |    64 |    79 |     9 ||   246
Invok: Heroism           |       |       |     6 |       ||     6
  Use: Scroll            |       |     5 |     5 |       ||    10
       Potion            |       |     2 |     3 |       ||     5
  Eat: Chunk             |     3 |    10 |    15 |     2 ||    30
Armor: Leather armour    |    29 |     6 |       |       ||    35
       Ring mail         |       |    20 |    25 |       ||    45
       Chain mail        |       |       |     4 |    18 ||    22
Dodge: Dodged            |    54 |    73 |    75 |    33 ||   235
Block: Buckler           |       |    20 |    60 |    30 ||   110
